 Dungeon Crawl Stone Soup version 0.30-a0-439-g9e77e4d916 (webtiles) character file.

Game seed: 10937914508294509462

91387 AigisTheKnight the Fighter (level 15, -21/122 HPs)
             Began as a Demonspawn Fire Elementalist on Dec 10, 2022.
             Was an Initiate of Gozag.
             Demolished by a bunyip (42 damage)
             ... called by a spriggan druid
             ... on level 3 of the Lair of Beasts on Dec 11, 2022.
             The game lasted 01:45:54 (35042 turns).

AigisTheKnight the Fighter (DsFE)                  Turns: 35042, Time: 01:45:55

Health: -21/122    AC: 15    Str: 18    XL:     15   Next: 54%
Magic:  10/27      EV: 15    Int: 22    God:    Gozag
Gold:   3378       SH:  6    Dex: 13    Spells: 20/30 levels left

rFire   + . .      SeeInvis .    L - +11 flail "Sishruox" {flame, rPois Int+3}
rCold   . . .      Faith    .    Y - +0 buckler
rNeg    . . .      Spirit   .    D - +1 ring mail of the Game Afoot {rPois Regen+ Str+3 Int-4}
rPois   +          Reflect  .    l - +1 hat {Stlth+}
rElec   .          Harm     .    n - +0 cloak
rCorr   .          Rampage  .    q - +0 pair of gloves
Will    ++...                    O - +0 pair of boots
Stlth   +++.......               p - amulet of regeneration
HPRegen 2.00/turn                a - ring of protection from fire
MPRegen 0.20/turn                Q - ring of Ujegruy {Will+ Str+5}

@: gold aura
A: molten scales 2, icemail 2, powered by death 2, condensation shield, weakness
stinger 2
a: Renounce Religion, Potion Petition, Call Merchant, Bribe Branch


You were on level 3 of the Lair of Beasts.
You worshipped Gozag.
Gozag was most pleased with you.
You visited 5 branches of the dungeon, and saw 22 of its levels.
You visited the Abyss 1 time.
You also visited: Ossuary.

You collected 5971 gold pieces.
You spent 1548 gold pieces at shops.
You paid 1045 gold pieces to Gozag.

Inventory:

Hand Weapons
 L - the +11 flail "Sishruox" (weapon) {flame, rPois Int+3}
   (You bought it in a shop on level 2 of the Orcish Mines)

   It burns those it strikes, dealing additional fire damage.
   Int:       It affects your intelligence (+3).
   rPois:     It protects you from poison.
 V - the +2 dagger of Usatipaa {speed, rF++}
   (You found it on level 8 of the Dungeon)

   Attacks with this weapon are significantly faster.
   rF:        It greatly protects you from fire.
Armour
 k - a +0 kite shield
 l - a +1 hat of stealth (worn)
 n - a +0 cloak (worn)
 q - a +0 pair of gloves (worn)
 D - the +1 ring mail of the Game Afoot (worn) {rPois Regen+ Str+3 Int-4}
   (You found it on level 10 of the Dungeon)

   Str:       It affects your strength (+3).
   Int:       It affects your intelligence (-4).
   rPois:     It protects you from poison.
   Regen:     It increases your rate of health regeneration.
 M - the +3 robe of Clouds {*Thunder rCloud rElec}
   (You took it off an ogre mage on level 12 of the Dungeon)

   It occasionally creates storm clouds above nearby enemies.
   It grants its wearer immunity to clouds.
   rElec:     It insulates you from electricity.
 O - a +0 pair of boots (worn)
 U - the +1 leather armour of Hedging {rN+ Int+8}
   (You bought it in a shop on level 3 of the Lair of Beasts)

   Int:       It affects your intelligence (+8).
   rN:        It protects you from negative energy.
 Y - a +0 buckler (worn)
Magical Staves
 o - a staff of conjuration
Jewellery
 a - a ring of protection from fire (left hand)
 p - an amulet of regeneration (around neck)
 t - a ring of wizardry
 v - a +6 ring of dexterity
 y - a ring of protection from cold
 H - a ring of fire
 Q - the ring of Ujegruy (right hand) {Will+ Str+5}
   (You bought it in a shop on level 2 of the Orcish Mines)

   [ring of willpower]

   Str:       It affects your strength (+5).
   Will:      It increases your willpower.
 W - a ring of flight
Wands
 s - a wand of light (2)
 K - a wand of digging (3)
Scrolls
 e - 2 scrolls of torment {unknown}
 f - 6 scrolls of enchant weapon
 g - 9 scrolls of immolation
 i - 14 scrolls of teleportation
 r - 7 scrolls of fear
 w - 6 scrolls of butterflies
 A - a scroll of silence
 C - 6 scrolls of amnesia
 E - 3 scrolls of enchant armour {unknown}
 F - 4 scrolls of blinking
 G - a scroll of summoning {unknown}
 J - 3 scrolls of poison
 S - 3 scrolls of magic mapping
 T - 2 scrolls of acquirement {unknown}
 X - 3 scrolls of noise {unknown}
Potions
 b - 4 potions of magic
 c - 3 potions of heal wounds
 d - 5 potions of invisibility
 h - a potion of resistance
 m - 4 potions of berserk rage
 u - 8 potions of curing
 x - 3 potions of brilliance
 z - 3 potions of flight
 B - 4 potions of lignification
 I - 5 potions of mutation
 N - 4 potions of haste
 P - a potion of ambrosia
 R - 5 potions of might
Miscellaneous
 j - a lightning rod (1/4)
 Z - a phantom mirror


   Skills:
 + Level 12.8 Fighting
 - Level 7.7 Armour
 - Level 11.4 Dodging
 - Level 5.4 Stealth
 + Level 9.0 Shields
 - Level 8.1 Spellcasting
 - Level 9.1 Conjurations
 - Level 4.7 Hexes
 + Level 1.2 Translocations
 + Level 10.7 Fire Magic
 - Level 3.8 Evocations


You had 20 spell levels left.
You knew the following spells:

 Your Spells              Type           Power      Damage    Failure   Level
a - Foxfire               Conj/Fire      100%       2x1d9     1%          1
b - Scorch                Fire           100%       2d10      1%          2
c - Inner Flame           Hex/Fire       42%        N/A       1%          3
d - Flame Wave            Conj/Fire      51%        2d13      2%          4

Your spell library contained the following spells:

 Spells                   Type           Power      Damage    Failure   Level
 Magic Dart               Conj           100%       1d8       1%          1
 Searing Ray              Conj           98%        2d8       1%          2
 Kindle Blastsparks       Fire/Tloc/Air  52%        2d14      9%          3
 Fulminant Prism          Conj/Hex       19%        3d11      9%          4
 Mephitic Cloud           Conj/Pois/Air  22%        N/A       13%         3
 Blink                    Tloc           28%        N/A       14%         2
 Iskenderun's Mystic Bla  Conj/Tloc      31%        2d8       17%         4
 Cigotuvi's Dreadful Rot  Necr/Pois/Air  16%        N/A       22%         2
 Poisonous Vapours        Pois/Air       16%        N/A       22%         2
 Gell's Gravitas          Tloc           14%        N/A       26%         3
 Teleport Other           Tloc           14%        N/A       26%         3
 Manifold Assault         Tloc           14%        N/A       65%         4
 Summon Forest            Summ/Tloc      5%         N/A       97%         5
 Lee's Rapid Deconstruct  Erth           4%         3d5*      99%         5
 Dispersal                Tloc           7%         N/A       100%        6
 Eringya's Noxious Bog    Tmut/Pois      4%         N/A       100%        6
 Summon Cactus Giant      Summ           4%         N/A       100%        6
 Summon Hydra             Summ           4%         N/A       100%        7
 Shatter                  Erth           4%         3d7*      100%        9


Dungeon Overview and Level Annotations

Branches:
Dungeon (13/15)            Temple (1/1) D:6            Lair (5/5) D:9
  Swamp (1/4) Lair:3       Spider (0/4) Lair:2        Slime (0/5) Lair:4
    Orc (2/2) D:9             Elf (0/3) Orc:2       Ossuary (visited)
 Vaults: D:13-14

Altars:
Ashenzari
Cheibriados
Dithmenos
Fedhas
Gozag
Hepliaklqana
Kikubaaqudgha
Makhleb
Nemelex Xobeh
Okawaru
Qazlal
Ru
Sif Muna
Trog
Uskayaw
Vehumet
Wu Jian
Xom
Yredelemnul
Jiyva

Shops:
D:5 (   Orc:2 *[=(   Lair:3 [

Annotations:
Orc:2 3 runed translucent doors, cforsyth's ghost, journeyman MiBe


Innate Abilities, Weirdness & Mutations

You are mostly covered in molten scales. (AC +3)
A meltable icy envelope protects you from harm. (AC +0)
You regenerate health from kills.
A meltable shield of frost defends you. (SH +0)
You have a tail ending in a sharp stinger.


Message History

Unknown command.
You feel much better.
The fungus is engulfed in blazing flames.
A nearby fungus withers and dies.
The foxfire hits you.
Your icy defenses dissipate!
You resist.
The forest fire spreads!
Casting: Scorch (safe; 1% risk of failure)
Confirm with . or Enter, or press ? or * to list all spells.
Flames lash the bunyip.
The bunyip is burned terribly!
The bunyip is moderately wounded.
The foxfire hits you. You resist.
The will-o-the-wisp gestures.
The will-o-the-wisp conjures some foxfire!
The forest fire spreads! 2 foxfires come into view.
Unknown command.
Unknown command.
Casting: Scorch (safe; 1% risk of failure)
Confirm with . or Enter, or press ? or * to list all spells.
Flames lash the bunyip.
The bunyip is burned terribly!
The bunyip is heavily wounded.
The bush is engulfed in blazing flames.
The foxfire hits you! You resist.
The bunyip is distracted by your dazzling golden aura.
The will-o-the-wisp gestures.
The will-o-the-wisp conjures some foxfire!
The forest fire spreads! 2 foxfires come into view.
Unknown command.
Unknown command.
Casting: Scorch (safe; 1% risk of failure)
Confirm with . or Enter, or press ? or * to list all spells.
Flames lash the bunyip.
The bunyip is burned terribly!
The bunyip is no longer distracted by gold.
The bunyip is severely wounded.
The foxfire hits you but does no damage.
The bunyip claws you!!
* * * LOW HITPOINT WARNING * * *
The bunyip claws you!!!
You die...
Your body crumbles into a pile of gold.

.# #P..###.####..#### #..### .##
#.<#.#..# ##...#P######..###
..#####.###..###.................
..##..P.###§§§.....♣P##.♣♣##.P...
P....P...#.§v#v§§§§°§♣♣♣♣♣.......
...#.#...)..§§§§§§§°§♣♣♣♣♣♣♣♣♣♣..
#..###..P...§§v§§§§§§~~~~♣~~≈~♣♣♣
#### ##.....§§§§x§§§§∩...........
##.#.°§§§§@§.§§♣........... #
##..°§§§§§~§§§§≈~♣~~≈~~♣♣♣ ###
#...°##§§§.§§§§§♣♣♣♣♣♣♣♣.. #.#
##..######.§§§§♣♣ ♣....... .##
##.# ###♣##§# ###.#.## .# ###
###.## # ##.## .###.###.#..# ###
...........## #.####.#..##


You could see a bunyip (strong, combustible) and a will-o-the-wisp.

Vanquished Creatures
  Gastronok (Lair:2)
  2 orc warlords
  Snorg (Lair:4)
  4 hydras (Lair:5)
  An ogre mage (D:12)
  Harold (D:9)
  3 catoblepae (Lair:5)
  An alligator (Lair:3)
  A centaur warrior (D:12)
  4 boulder beetles
  A two-headed ogre (D:11)
  22 death yaks
  An orc high priest (Orc:2)
  A tengu warrior (D:12)
  Urug (Lair:2)
  The ghost of sirJeffrey23 the Ogre Mage, a novice OgFE of Elyvilon (D:8)
  A deep elf knight (D:12)
  A skeletal warrior (D:12)
  A swamp dragon (Lair:3)
  A deep elf archer (D:12)
  A spriggan druid (Lair:3)
  2 bog bodies (Lair:3)
  4 orc knights
  3 deep elf pyromancers (D:12)
  2 oklob plants (Lair:1)
  An ugly thing (D:11)
  4 orc sorcerers
  7 cyclopes
  2 will-o-the-wisps (Abyss:2)
  5 manticores
  Maurice (Orc:1)
  2 smoke demons (Abyss:2)
  28 elephants
  An apocalypse crab (Abyss:2)
  2 black mambas
  A gargoyle (D:11)
  2 torpor snails
  15 cane toads
  2 orange demons (Abyss:2)
  2 rime drakes (Lair:2)
  5 komodo dragons
  A freezing wraith (D:12)
  5 trolls
  2 polar bears
  3 slime creatures (D:12)
  A hornet (D:9)
  14 blink frogs
  Prince Ribbit (D:6)
  7 dream sheep
  Sigmund (D:2)
  2 vampires
  A ynoxinul (Abyss:2)
  3 shadows
  3 wraiths
  A wyvern (D:7)
  42 yaks
  4 basilisks
  8 vampire mosquitoes
  Menkaure (D:6)
  3 steam dragons
  4 wargs
  4 acid dragons
  4 swamp worms
  18 water moccasins
  2 sky beasts
  3 black bears
  6 ogres
  24 orc warriors
  4 ice beasts
  15 wolves
  8 centaurs
  15 kobold brigands
  2 necrophages
  15 bullfrogs
  3 gnoll sergeants
  5 scorpions
  10 wights
  7 killer bees (D:9)
  2 troll zombies (D:9)
  3 howler monkeys
  6 electric eels
  An iron imp (Abyss:2)
  27 orc priests
  3 hounds (D:7)
  A jelly (D:6)
  A small abomination (Abyss:2)
  Ijyb (D:5)
  3 iguanas
  21 orc wizards
  6 ogre zombies (D:9)
  3 mummies (Ossuary)
  24 gnolls
  5 adders
  2 river rats (Lair:3)
  4 shadow imps
  3 white imps
  2 adder zombies (Ossuary)
  A worm (D:2)
  4 dart slugs (D:2)
  40 orcs
  7 endoplasms
  A giant cockroach (D:3)
  8 goblins
  8 hobgoblins
  3 jackals (D:1)
  6 quokkas
  9 ball pythons
  6 bats
  3 frilled lizards (D:1)
  3 goblin zombies
  2 hobgoblin skeletons (D:9)
  3 hobgoblin zombies (D:9)
  24 kobolds
  5 kobold zombies (Ossuary)
  4 orc skeletons (D:9)
  15 orc zombies (D:9)
  3 quokka zombies (Ossuary)
  6 rats
  6 rat zombies (Ossuary)
679 creatures vanquished.

Vanquished Creatures (collateral kills)
  15 foxfires
15 creatures vanquished.

Vanquished Creatures (others)
  A gnoll sergeant (D:9)
  1566 foxfires
  54 fungi
  66 plants
  2 starspawn tentacles (Abyss:2)
  6 toadstools (Swamp:1)
1695 creatures vanquished.

Grand Total: 2389 creatures vanquished

Notes
Turn   | Place    | Note
-------+----------+-------------------------------------------
     0 | D:1      | AigisTheKnight the Demonspawn Fire Elementalist began the
                  | quest for the Orb.
     0 | D:1      | Reached XP level 1. HP: 13/13 MP: 3/3
   330 | D:1      | Gained mutation: You are partially covered in molten
                  | scales. (AC +2) [demonic ancestry]
   330 | D:1      | Reached XP level 2. HP: 19/19 MP: 1/5
   922 | D:1      | Gained mutation: You have a small tail. [demonic ancestry]
   922 | D:1      | Reached XP level 3. HP: 24/24 MP: 2/6
  1651 | D:2      | Gained mutation: You regenerate a little health from kills.
                  | [demonic ancestry]
  1651 | D:2      | Reached XP level 4. HP: 26/30 MP: 5/7
  1782 | D:2      | Noticed Sigmund
  1790 | D:2      | Killed Sigmund
  1791 | D:2      | Gained mutation: You are mostly covered in molten scales.
                  | (AC +3) [demonic ancestry]
  1791 | D:2      | Reached XP level 5. HP: 35/35 MP: 0/9
  2477 | D:3      | Found a sacrificial altar of Ru.
  2492 | D:3      | Learned a level 2 spell: Scorch
  2546 | D:3      | Identified the +1 scale mail of Tiococacs {Drain Fly Str+3}
  2695 | D:3      | Reached XP level 6. HP: 41/41 MP: 7/10
  2822 | D:3      | Found a sparkling altar of Nemelex Xobeh.
  3429 | D:4      | Noticed an ice beast
  3533 | D:3      | Killed an ice beast
  3534 | D:3      | Reached skill level 1 in Fighting
  3815 | D:4      | Reached skill level 1 in Armour
  4830 | D:5      | Entered Level 5 of the Dungeon
  4830 | D:5      | Found Qov Yqadd's Weapon Boutique.
  4895 | D:5      | Noticed Ijyb
  4898 | D:5      | Gained mutation: A meltable shield of frost defends you.
                  | (SH +0) [demonic ancestry]
  4898 | D:5      | Reached XP level 7. HP: 48/48 MP: 3/12
  5155 | D:5      | Reached skill level 2 in Fighting
  5165 | D:5      | Killed Ijyb
  5833 | D:6      | Noticed Menkaure
  5866 | D:6      | Killed Menkaure
  5867 | D:6      | Gained mutation: A meltable icy envelope protects you from
                  | harm. (AC +0) [demonic ancestry]
  5867 | D:6      | Reached XP level 8. HP: 28/57 MP: 0/14
  6045 | D:6      | Found a staircase to the Ecumenical Temple.
  6052 | D:6      | Found a transporter.
  6074 | D:6      | Reached skill level 3 in Fighting
  6089 | Temple   | Entered the Ecumenical Temple
  6654 | D:6      | Reached skill level 5 in Fire Magic
  6684 | D:6      | Found a broken altar of Ashenzari.
  6809 | D:6      | Noticed Prince Ribbit
  6819 | D:6      | Killed Prince Ribbit
  6898 | D:6      | Found a transporter.
  6973 | D:6      | Reached skill level 4 in Fighting
  6976 | D:6      | Reached skill level 5 in Spellcasting
  7209 | D:7      | Reached skill level 5 in Dodging
  7242 | D:7      | Reached XP level 9. HP: 64/65 MP: 3/16
  7360 | D:7      | Found a sand-covered staircase.
  7434 | Ossuary  | Entered an ossuary
  7873 | D:7      | Noticed a boulder beetle
  7874 | D:7      | Noticed a boulder beetle
  7904 | D:7      | Killed a boulder beetle
  7904 | D:7      | Killed a boulder beetle
  7905 | D:7      | Reached skill level 5 in Fighting
  8090 | D:7      | Reached skill level 5 in Armour
  8455 | D:7      | Gained mutation: You regenerate health from kills. [demonic
                  | ancestry]
  8455 | D:7      | Reached XP level 10. HP: 75/75 MP: 16/19
  8677 | D:7      | Noticed a skeletal warrior
  8839 | D:8      | Identified the +2 dagger of Usatipaa {speed, rF++}
  8947 | D:8      | Found a shadowy altar of Dithmenos.
  9320 | D:8      | Found a snail-covered altar of Cheibriados.
  9323 | D:8      | Found a bloodstained altar of Trog.
  9541 | D:8      | Identified the -1 pair of boots of Olerph {Str+5}
  9939 | D:8      | Found a runed translucent gate.
  9940 | D:8      | Found a runed translucent gate.
  9940 | D:8      | Found a runed translucent gate.
  9940 | D:8      | Noticed sirJeffrey23's ghost (novice OgFE)
 10233 | D:9      | Reached skill level 6 in Fighting
 10347 | D:9      | Noticed Harold
 10361 | D:9      | Killed Harold
 10752 | D:9      | Noticed a fire crab
 11735 | D:9      | Reached skill level 5 in Conjurations
 12073 | D:8      | Reached XP level 11. HP: 67/83 MP: 15/21
 12698 | D:9      | Reached skill level 7 in Fighting
 12840 | D:9      | Found a staircase to the Orcish Mines.
 12855 | D:9      | Learned a level 3 spell: Inner Flame
 13075 | D:9      | Found a staircase to the Lair.
 13501 | D:10     | Entered Level 10 of the Dungeon
 13531 | D:10     | Reached skill level 1 in Shields
 13950 | D:10     | Identified the +1 ring mail of the Game Afoot {rPois Regen+
                  | Str+3 Int-4}
 14324 | D:10     | Found an opulent altar of Gozag.
 14488 | D:10     | Became a worshipper of Gozag Ym Sagoz the Greedy
 14624 | Lair:1   | Entered Level 1 of the Lair of Beasts
 15967 | Lair:1   | Reached skill level 8 in Fighting
 16049 | Lair:1   | Found a blossoming altar of Fedhas.
 16051 | Lair:1   | Noticed an oklob plant
 16132 | Lair:2   | Noticed Urug
 16183 | Lair:2   | Noticed Gastronok
 16369 | Lair:2   | Reached skill level 1 in Evocations
 16456 | Lair:2   | Found a hole to the Spider Nest.
 16770 | Lair:2   | Gained mutation: A meltable icy envelope protects you from
                  | harm. (AC +0) [demonic ancestry]
 16770 | Lair:2   | Reached XP level 12. HP: 94/94 MP: 9/24
 17627 | Lair:2   | Killed Gastronok
 17959 | Lair:2   | Killed Urug
 17974 | Lair:2   | Reached skill level 9 in Fighting
 18557 | Lair:3   | Reached skill level 5 in Shields
 19418 | Lair:3   | Reached XP level 13. HP: 46/101 MP: 3/25
 20798 | Lair:3   | Found a staircase to the Swamp.
 20871 | Lair:4   | Noticed Snorg
 20899 | Lair:3   | Reached skill level 10 in Fighting
 21140 | Lair:4   | Found a staircase to the Slime Pits.
 21141 | Lair:4   | Found a viscous altar of Jiyva.
 21211 | Lair:4   | Killed Snorg
 21427 | Lair:4   | Reached skill level 10 in Dodging
 22270 | Lair:5   | Entered Level 5 of the Lair of Beasts
 22466 | Lair:4   | Reached skill level 1 in Hexes
 23393 | Lair:5   | Gained mutation: You have a tail ending in a sharp stinger.
                  | [demonic ancestry]
 23393 | Lair:5   | Reached XP level 14. HP: 111/111 MP: 12/26
 23802 | Lair:5   | Reached skill level 11 in Fighting
 25902 | Lair:5   | Learned a level 4 spell: Flame Wave
 26446 | Orc:1    | Entered Level 1 of the Orcish Mines
 26934 | Orc:1    | Noticed Maurice
 26942 | Orc:1    | Killed Maurice
 27092 | Orc:1    | You fall into a shaft and drop 1 floor!
 27092 | Orc:2    | Entered Level 2 of the Orcish Mines
 27092 | Orc:2    | Noticed an orc warlord
 27296 | Orc:2    | Noticed an orc warlord
 27312 | Orc:2    | Killed an orc warlord
 27316 | Orc:2    | Paralysed by an orc sorcerer for 5 turns
 27475 | Orc:2    | Paralysed by an orc sorcerer for 3 turns
 27664 | Orc:2    | Paralysed by an orc sorcerer for 3 turns
 27776 | Orc:1    | Killed an orc warlord
 28533 | Orc:2    | Reached skill level 12 in Fighting
 28786 | Orc:2    | Found Emaneuce's General Store.
 28996 | Orc:2    | Found Gevajuf's Jewellery Emporium.
 29002 | Orc:2    | Found Ukles's Antique Weapon Emporium.
 29008 | Orc:2    | Found Luavyff's Antique Armour Emporium.
 29021 | Orc:2    | Found a runed translucent gate.
 29021 | Orc:2    | Found a runed translucent gate.
 29021 | Orc:2    | Found a runed translucent gate.
 29053 | Orc:2    | Bought an ancient flail for 263 gold pieces
 29053 | Orc:2    | Identified the +11 flail "Sishruox" {flame, rPois Int+3}
                  | (You bought it in a shop on level 2 of the Orcish Mines)
 29102 | Orc:2    | Bought the ring of Ujegruy {Will+ Str+5} for 637 gold
                  | pieces
 29121 | Orc:2    | Bought a scroll of magic mapping for 90 gold pieces
 29269 | Orc:2    | Found a staircase to the Elven Halls.
 29424 | Orc:2    | Noticed cforsyth's ghost (journeyman MiBe)
 29646 | D:8      | Killed sirJeffrey23's ghost
 29687 | Abyss:2  | Cast into level 2 of the Abyss (kobold brigand)
 29834 | Abyss:2  | Noticed a starcursed mass
 29880 | Abyss:2  | Reached skill level 10 in Fire Magic
 30021 | Abyss:2  | Reached XP level 15. HP: 74/120 MP: 17/27
 30136 | Abyss:2  | Noticed a tentacled starspawn
 30336 | D:8      | Escaped the Abyss
 32864 | D:12     | Reached skill level 5 in Stealth
 33115 | D:12     | Identified the +1 robe of Hufout {rCorr}
 33329 | D:12     | Got Sif Muna's Folio of Rocky Elsewhere
 34611 | Swamp:1  | Entered Level 1 of the Swamp
 34953 | Lair:3   | Reached skill level 1 in Translocations
 35018 | Lair:3   | Bought a creamy pearl robe for 250 gold pieces
 35018 | Lair:3   | Identified the +1 robe of Shadows and Fog {Dex+2} (You
                  | bought it in a shop on level 3 of the Lair of Beasts)
 35018 | Lair:3   | Bought a masterwork leather armour for 308 gold pieces
 35018 | Lair:3   | Identified the +1 leather armour of Hedging {rN+ Int+8}
                  | (You bought it in a shop on level 3 of the Lair of Beasts)
 35042 | Lair:3   | Demolished by a bunyip

Illustrated notes

Levels and vault maps discovered:
D:1:      grunt_arrival_crossed_arrows, layout_rooms
D:2:      layout_loops_cross, dreamdust_princess_bridge, uniq_sigmund
D:3:      layout_loops_ring, mainiacjoe_overflow_paths,
          mainiacjoe_overflow_24_doors
D:4:      minmay_door_path, layout_cave_pools, lemuel_tele_altar, serial_park,
          serial_park_tiny_1, serial_park_square2, serial_park_tiny_2
D:5:      layout_rooms, serial_shops, nicolae_shop_statue_plus, uniq_ijyb
D:6:      gammafunk_steamed_eel, layout_basic, general_overflow_altar,
          minmay_temple_entry_proselytizer, serial_park_tiny_pond,
          uniq_prince_ribbit1, uniq_menkaure
D:7:      nzn_winding_woodlands_large [nzn_winding_woodlands_hourglass,
          nzn_winding_woodlands_5x15_default, nzn_winding_woodlands_5x5_default,
          nzn_winding_woodlands_center_diamonds,
          nzn_winding_woodlands_15x15_boxy_spiral,
          nzn_winding_woodlands_center_triple_pond,
          nzn_winding_woodlands_5x5_three, nzn_winding_woodlands_5x15_parted,
          nzn_winding_woodlands_5x5_cross], layout_basic, enter_ossuary_1
D:8:      layout_layer_cave, nicolae_dithmenos_the_darkroom,
          grunt_temple_overflow_open, gammafunk_ghost_nasty_kobolds,
          minmay_starry_boxes
D:9:      layout_roguey, tso_oasis_becter, minmay_lair_entry_lava,
          zombieorc2_lemuel, grunt_decor_resistance, small_statue_intersection,
          uniq_harold
D:10:     layout_cave_pools, kennysheep_mini
D:11:     layout_loops_cross
D:12:     minmay_the_grid_square_5x5_4x4 [minmay_the_grid_square_5x5_c,
          minmay_the_grid_square_5x5_hourglass,
          minmay_the_grid_square_5x5_checkered_sparse,
          minmay_the_grid_square_5x5_seven, minmay_the_grid_square_5x5_forky,
          minmay_the_grid_square_5x5_prize_snowflake,
          minmay_the_grid_square_5x5_prize_deathbox,
          minmay_the_grid_square_5x5_n, minmay_the_grid_square_5x5_lines,
          minmay_the_grid_square_5x5_prize_junk,
          minmay_the_grid_square_5x5_prize_rear_guard,
          minmay_the_grid_square_5x5_doubleslash,
          minmay_the_grid_square_5x5_slash, minmay_the_grid_square_5x5_bite,
          minmay_the_grid_square_5x5_six, minmay_the_grid_square_5x5_shuriken],
          layout_irregular_city
D:13:     layout_loops_corners, ebering_ghost_reflecting_pool, minivault_28
Temple:   oiseaux_autumnal_temple
Lair:1:   layout_regular_city, hangedman_tree_tricks
Lair:2:   layout_gridlike, spider_nest_entry_web_field, st_stairs_12,
          uniq_gastronok, uniq_urug
Lair:3:   layout_loops_ring, nicolae_swamp_entry_splash_gauntlet, pond
Lair:4:   layout_misc_corridors, slime_entry_1, infiniplex_staircase_pool,
          serial_bayou_shore_a, grunt_megastairs_1, uniq_snorg
Lair:5:   evilmike_catoblepas_cave, layout_loops_ring
Swamp:1:  cheibrodos_swamp_tower_of_moss, layout_falls_marsh, serial_swamp_ruin,
          evilmike_swamp_ruin_rubble_2, evilmike_swamp_ruin_house_5,
          evilmike_swamp_ruin_house_2, swamp_pool1
Orc:1:    layout_caves, nicolae_orc_rich_vein, uniq_maurice
Orc:2:    grunt_orc_cross, layout_caves, biasface_ghost_orc_armoury

Skill      XL: |  1  2  3  4  5  6  7  8  9 10 11 12 13 14 15 |
---------------+----------------------------------------------+-----
Stealth        | 2 3 5 |  5.4
Dodging        | 2 3 4 5 6 7 8 9 10 11 | 11.4
Fire Magic     | 3 4 5 6 7 8 10 | 10.7
Conjurations   | 2 3 5 6 8 9 |  9.1
Spellcasting   | 3 4 5 6 7 8 |  8.1
Fighting       | 1 2 4 5 6 8 9 10 12 | 12.8
Armour         | 1 2 3 5 6 7 |  7.7
Shields        | 3 5 7 8 9 |  9.0
Evocations     | 2 3 |  3.8
Hexes          | 3 4 |  4.7
Translocations | 1 |  1.2

Action                   |  1- 3 |  4- 6 |  7- 9 | 10-12 | 13-15 || total
-------------------------+-------+-------+-------+-------+-------++-------
Melee: Unarmed           |    23 |       |       |       |       ||    23
       Punch             |     2 |     1 |     1 |     4 |       ||     8
       Spear             |    43 |    47 |     8 |       |       ||    98
       Tailslap          |     3 |     8 |    15 |    86 |   192 ||   304
       Falchion          |       |       |    72 |     1 |       ||    73
       Dagger            |       |       |       |   349 |   746 ||  1095
       Trident           |       |       |       |    88 |       ||    88
 Cast: Foxfire           |    73 |   114 |   162 |   306 |   282 ||   937
       Scorch            |       |     8 |    60 |   308 |   494 ||   870
       Inner Flame       |       |       |       |    17 |   104 ||   121
       Flame Wave        |       |       |       |       |     5 ||     5
Invok: Potion Petition   |       |       |       |       |     1 ||     1
       Call Merchant     |       |       |       |       |     1 ||     1
Evoke: Wand              |       |       |    17 |    52 |     8 ||    77
       Lightning rod     |       |       |       |       |    16 ||    16
       Tin of tremorston |       |       |       |       |     4 ||     4
  Use: Scroll            |       |       |     1 |    14 |     9 ||    24
       Potion            |       |       |       |       |     4 ||     4
 Stab: Sleeping          |     1 |     5 |     2 |       |       ||     8
       Invisible         |       |       |       |     4 |     1 ||     5
       Distracted        |       |       |       |     1 |     4 ||     5
Armor: Robe              |    19 |       |       |       |       ||    19
       Leather armour    |    12 |    22 |    20 |       |       ||    54
       Ring mail         |       |       |    50 |   483 |   346 ||   879
       Acid dragon scale |       |       |       |     9 |       ||     9
Dodge: Dodged            |    68 |    34 |    92 |   753 |   524 ||  1471
Block: Other             |       |       |    20 |    89 |       ||   109
       Buckler           |       |       |       |   236 |   394 ||   630

Table legend: (Time is in decaauts)
 A = Elapsed time spent in this place.
 B = Non-inter-level travel time spent in this place.
 C = Inter-level travel time spent in this place.
 D = Time resting spent in this place.
 E = Time spent auto-exploring this place.
 F = Levels seen in this place.
 G = Mean time per level.
                   A        B        C        D        E       F      G
               +--------+--------+--------+--------+--------+-----+--------+
         Total |  34907 |  32810 |   2097 |   7138 |  18815 |  24 | 1454.5 |
       Dungeon |  17659 |  16415 |   1244 |   3099 |  10190 |  13 | 1358.4 |
        Temple |    445 |    355 |     90 |      0 |    340 |   1 |  445.0 |
          Lair |  12701 |  12034 |    667 |   2994 |   6462 |   5 | 2540.2 |
         Swamp |     19 |     19 |      0 |      0 |      0 |   1 |   19.0 |
  Orcish Mines |   3072 |   2978 |     94 |    623 |   1722 |   2 | 1536.0 |
         Abyss |    629 |    629 |      0 |    292 |      0 |   1 |  629.0 |
       Ossuary |    380 |    380 |      0 |    130 |    100 |   1 |  380.0 |
               +--------+--------+--------+--------+--------+-----+--------+

Top non-repeatable levels by time:
     D:8: 3295 daAuts
  Lair:5: 3272 daAuts
  Lair:3: 2992 daAuts
  Lair:1: 2463 daAuts
    D:12: 2175 daAuts
  Lair:2: 2030 daAuts
  Lair:4: 1942 daAuts
     D:9: 1898 daAuts
   Orc:2: 1807 daAuts
     D:3: 1429 daAuts
     D:7: 1271 daAuts
   Orc:1: 1264 daAuts
     D:4: 1264 daAuts
     D:1: 1192 daAuts
    D:11: 1162 daAuts
